 Dungeon Crawl Stone Soup version 0.18-a0-1778-gadce9fa (webtiles) character file.

427 epen the Sneak (level 6, 0/39 HPs)
             Began as an Octopode Assassin on Apr 16, 2016.
             Was an Initiate of Dithmenos.
             Slain by a sky beast (4 damage)
             ... on level 5 of the Dungeon.
             The game lasted 00:08:35 (3903 turns).

epen the Sneak (Octopode Assassin)                  Turns: 3903, Time: 00:08:37

Health: 0/39       AC:  1    Str: 11    XL:     6   Next: 97%
Magic:  0/6        EV: 20    Int: 16    God:    Dithmenos [......]
Gold:   236        SH:  0    Dex: 20    Spells: 0 memorised, 5 levels left

rFire  . . .     SeeInvis .     a - +3 dagger
rCold  . . .     Gourm    .     (no shield)
rNeg   . . .     Faith    .     (helmet restricted)
rPois  .         Spirit   +     E - amulet of guardian spirit
rElec  .         Dismiss  .     l - ring of protection from magic
rCorr  .         Reflect  .     C - +3 ring of intelligence
SustAt .         Harm     .     (no ring)
MR     +....                    (no ring)
Stlth  ++++++....               (no ring)
                                (no ring)
                                (no ring)
                                (no ring)

@: agile, somewhat resistant to hostile enchantments, very stealthy
A: almost no armour, amphibious, 8 rings, constrict 8, camouflage 1, gelatinous
body 1
a: Renounce Religion


You were on level 5 of the Dungeon.
You worshipped Dithmenos.
Dithmenos was noncommittal.
You were hungry.

You visited 2 branches of the dungeon, and saw 6 of its levels.

You collected 236 gold pieces.

Inventory:

Hand Weapons
 a - a +3 dagger (weapon)
 b - a +0 blowgun
Missiles
 c - 41 poisoned needles
 d - 2 curare-tipped needles
Jewellery
 l - a ring of protection from magic (left tentacle)
 v - an uncursed amulet of dismissal
 w - an uncursed amulet of faith
 C - a +3 ring of intelligence (right tentacle)
 E - an amulet of guardian spirit (around mantle)
Scrolls
 e - 3 scrolls of random uselessness
 g - 3 scrolls of identify
 i - 3 scrolls of remove curse
 n - 2 scrolls of fear
 r - a scroll of blinking
 s - 2 scrolls of fog
 z - a scroll of teleportation
Potions
 k - a potion of lignification
 o - a potion of flight
 q - 2 potions of curing
 D - a potion of might
 F - a potion of magic
Books
 A - a book of Changes

   Spells                             Type                      Level
   a - Beastly Appendage              Transmutation                1
   b - Sticks to Snakes               Transmutation                2
   c - Spider Form                    Transmutation/Poison         3
   d - Ice Form                       Ice/Transmutation            4
   e - Blade Hands                    Transmutation                5
Comestibles
 f - 5 bread rations
 j - a beef jerky
 m - 2 meat rations
 t - 2 slices of pizza
 u - 5 fruits


   Skills:
 + Level 2.2 Fighting
 * Level 4.6 Short Blades
 - Level 2.0 Throwing
 * Level 4.2 Dodging
 + Level 7.0 Stealth


You had 5 spell levels left.
You didn't know any spells.

Dungeon Overview and Level Annotations

Branches:
Dungeon (5/15)             Temple (1/1) D:4

Altars:
Ashenzari
Dithmenos
Elyvilon
Fedhas
Gozag
Makhleb
Nemelex Xobeh
Okawaru
Pakellas
Qazlal
Ru
Sif Muna
Trog
Vehumet
Xom
Zin
The Shining One
Lugonu

Annotations:
D:3 Shenda's ghost, amateur MiGl


Innate Abilities, Weirdness & Mutations

You cannot wear most types of armour.
You are amphibious.
You can wear up to eight rings at the same time.
You can use your tentacles to constrict eight enemies at once.
Your skin changes colour to match your surroundings (Stealth).
Your rubbery body absorbs attacks (AC +1).


Message History

You barely miss something. Something hits you. Something shocks you.
You hit something. You squeeze something. Something hits you.
Something shocks you.
You hit something. Something hits you.
* * * LOW HITPOINT WARNING * * *
Something shocks you.
* * * LOW HITPOINT WARNING * * *
Drink which item? (? for menu, Esc to quit)
You feel better. Something hits you.
* * * LOW HITPOINT WARNING * * *
Something shocks you.
* * * LOW HITPOINT WARNING * * *
Drink which item? (? for menu, Esc to quit)
You feel agile all of a sudden.
A sky beast appears from thin air!
Reactivating autopickup.
The sky beast hits you.
* * * LOW HITPOINT WARNING * * *
The sky beast shocks you.
You die...

...##.........##
..##.#.........##
.#..###.........#
#..##
###.......## ..##
##.......## .##
###......## ##
##......# #
##.....# #
##.@..# . ##Y...#
. ##..## .. #.#
.. ## ...


You could see a sky beast.

Vanquished Creatures
  A centaur (D:5)
  A scorpion (D:4)
  A howler monkey (D:4)
  An orc wizard (D:4)
  An orc priest (D:4)
  A giant frog skeleton (D:4)
  Ijyb (D:2)
  A hound zombie (D:5)
  7 adders
  3 worms
  A dart slug (D:4)
  4 giant geckos
  4 orcs (D:4)
  2 ball pythons (D:3)
  3 giant cockroaches (D:3)
  5 goblins
  5 hobgoblins
  4 jackals (D:3)
  A quokka (D:3)
  5 bats
  A giant newt (D:3)
  A jackal skeleton (D:5)
  7 kobolds
  7 rats
68 creatures vanquished.

Notes
Turn   | Place    | Note
--------------------------------------------------------------
     0 | D:1      | epen the Octopode Assassin began the quest for the Orb.
     0 | D:1      | Reached XP level 1. HP: 14/14 MP: 1/1
   239 | D:1      | Reached XP level 2. HP: 19/19 MP: 2/2
   631 | D:2      | Found an iron altar of Okawaru.
   682 | D:2      | Noticed Ijyb
   746 | D:2      | Killed Ijyb
   746 | D:2      | Reached XP level 3. HP: 16/24 MP: 3/3
  1036 | D:2      | Found a shimmering altar of Xom.
  1041 | D:2      | Reached XP level 4. HP: 29/29 MP: 4/4
  1566 | D:3      | Noticed a phantom
  2096 | D:2      | Reached skill level 6 in Stealth
  2145 | D:3      | Found a radiant altar of Vehumet.
  2145 | D:3      | Found an iron altar of Okawaru.
  2350 | D:3      | Reached XP level 5. HP: 27/34 MP: 5/5
  2587 | D:3      | Noticed Shenda's ghost (amateur MiGl)
  2621 | D:4      | Found a shattered altar of Ashenzari.
  2831 | D:4      | Found a staircase to the Ecumenical Temple.
  2840 | Temple   | Entered the Ecumenical Temple
  3169 | D:4      | Reached XP level 6. HP: 31/39 MP: 6/6
  3562 | D:5      | Entered Level 5 of the Dungeon
  3676 | D:5      | Found an opulent altar of Gozag.
  3714 | D:5      | Found a burning altar of Makhleb.
  3717 | D:5      | Found a shadowy altar of Dithmenos.
  3720 | D:5      | Found a glowing golden altar of the Shining One.
  3724 | D:5      | Reached skill level 7 in Stealth
  3735 | D:5      | Became a worshipper of Dithmenos the Shadowed
  3741 | D:5      | Found a glowing silver altar of Zin.
  3884 | D:5      | Noticed a sky beast
  3903 | D:5      | Slain by a sky beast

Vault maps used:
D:1:      lemuel_arrival_broad_hall, hex_large
D:2:      overflow_temple_1_default, minmay_crystal_water, okawaru_gym_becter,
          uniq_iyjb
D:3:      gammafunk_temple_overflow_wave, lemuel_doored_altar
D:4:      kennysheep_six_static_rooms, kennysheep_little_box,
          minmay_temple_entry_grid, nicolae_ru_path_of_blood
D:5:      grunt_temple_overflow_cloverleaf, first_bread, basic_altar
Temple:   corrupted_temple

Skill      XL: |  1  2  3  4  5  6 |
---------------+-------------------+-----
Dodging        | 2 3 4 |  4.2
Short Blades   | 3 4 |  4.6
Stealth        | 6 7 |  7.0
Fighting       | |  2.2
Throwing       | |  2.0

Action                   |  1- 3 |  4- 6 || total
-------------------------+-------+-------++-------
Melee: Dagger            |    39 |   119 ||   158
       Tentacles         |     5 |    18 ||    23
       Constrict         |     6 |    24 ||    30
  Use: Potion            |       |     6 ||     6
       Scroll            |       |    15 ||    15
 Stab: Sleeping          |    11 |    13 ||    24
       Distracted        |       |     1 ||     1
  Eat: Chunk             |       |     7 ||     7
       Beef jerky        |       |     1 ||     1
Armor: Skin              |     4 |     7 ||    11
Dodge: Dodged            |    16 |    56 ||    72
